AoeStats
← leedog64

Nomad

510370712Analyzed
3v3 RM · 1d ago on Sep 30, 2026· 29m 54s· 6 players
Game mode
Random Map
Map size
210×210
Population
200
Speed
Normal
Resources
Standard
Victory
Conquest
Starting age
Dark Age
Ending age
Imperial Age
RankedLock teamsTeams togetherTeam positionsShared explorationLock speedFull tech treeHidden civsTurbo modeCheats
Victory
Defeat
🇲🇽 Varangians · Mexico
1200
+15
🇺🇸 Japanese · United States
1146
+17
🇹🇼 Saxons · Taiwan
1094
+20
🇩🇪 Spanish · Germany
1184
-18
🇸🇪 Vietnamese · Sweden
1171
-17
🇷🇺 Slavs · Russia
1158
-17
Sega Mega Drive
3:11 Loom
13:26 Feudal Age
14:56 Double-Bit Axe
16:52 Horse Collar
17:24 Gold Mining
19:58 Castle Age
18:03 Stone Mining
20:59 Bow Saw
21:52 Heavy Plow
21:48 Town Watch
22:41 Wheelbarrow
24:01 Gold Shaft Mining
26:31 Fletching
fumarmata
5:00 Loom
13:44 Feudal Age
14:25 Double-Bit Axe
21:28 Castle Age
19:47 Forging
22:28 Bow Saw
22:09 Fishing Lines
22:41 Medium Warships
23:14 Iron Casting
24:09 Wheelbarrow
23:19 Town Watch
23:20 Horse Collar
25:38 Stone Mining
25:58 Padded Archer Armor
25:49 Fletching
27:24 Stone Shaft Mining
29:04 Bodkin Arrow
29:24 Leather Archer Armor
29:24 Heavy Plow
mxptlic
3:56 Loom
14:03 Feudal Age
19:59 Castle Age
19:28 Fletching
22:23 Squires
21:44 Man-at-Arms
23:29 Double-Bit Axe
23:34 Long Swordsman
24:07 Crossbowman
leedog64
4:45 Loom
15:25 Feudal Age
19:45 Castle Age
17:36 Double-Bit Axe
18:04 Scale Mail Armor
18:15 Forging
19:29 Man-at-Arms
20:48 Chain Mail Armor
20:37 Long Swordsman
21:04 Gambesons
22:22 Iron Casting
22:23 Arson
22:41 Squires
Asura
12:53 Loom
15:18 Feudal Age
18:28 Fishing Lines
23:29 Castle Age
21:47 Arson
21:56 Fletching
23:31 Double-Bit Axe
24:43 Bodkin Arrow
27:01 Squires
28:40 Gillnets
28:59 Gold Mining
jusart.92
4:41 Loom
15:51 Feudal Age
19:43 Castle Age
17:54 Double-Bit Axe
18:38 Gold Mining
18:32 Fishing Lines
20:02 Bloodlines
21:01 Husbandry
22:06 Forging
22:02 Scale Barding Armor
22:08 Scale Barding Armor
26:28 Medium Warships
26:44 Fletching
27:29 Iron Casting
27:44 Bodkin Arrow
29:38 Gillnets
Connection lost

Rejoining the realm…

Still unreachable

The connection could not be restored.

Session expired

The server has moved on; the page needs a fresh start.